Map: 로스트 앤 파운드 - 래더

Players

Elazer

  • Race: Zerg Zerg
  • League: Grandmaster
  • Spawn Location: 7:00

soO - Winner!

  • Race: Zerg Zerg
  • League: Master
  • Spawn Location: 1:00

Event: HomeStory Cup XVII

VOD

Have the link to the VOD?

Description

Time

  • Played on: June 29, 2018, 7:07 a.m.
  • Length: 9:23

All games in this series

Show
View Real Time Build Order
Export as new Build Order

Elazer Zerg 

Build Orders: Hatch First 

Get SALT Encoding   

  12  0:00  Drone  
  13  0:12  Overlord  
  13  0:16  Drone  
  14  0:30  Drone x2  
  16  0:47  Hatchery  
  15  0:50  Drone  
  15  0:54  Drone  
  17  0:57  Drone  
  18  1:07  Extractor  
  17  1:12  Spawning Pool  
  17  1:15  Drone  
  17  1:19  Drone  
  18  1:28  Drone  
  19  1:38  Drone  
  20  1:49  Overlord  
  20  1:58  Queen x2  
  20  1:59  Drone  
  20  2:00  Drone  
  26  2:08  Metabolic Boost  
  26  2:10  Zergling x2  
  26  2:11  Drone  
  28  2:20  Drone  
  28  2:21  Drone  
  30  2:32  Zergling x2, Drone  
  32  2:37  Hatchery  
  31  2:45  Drone  
  31  2:47  Overlord  
  31  2:49  Evolution Chamber  
  31  2:52  Drone  
  31  2:53  Drone  
  33  3:03  Drone  
  34  3:06  Zergling x2  
  34  3:07  Zergling x6  
  34  3:08  Zergling x2  
  34  3:11  Overlord  
  39  3:14  Drone  
  39  3:16  Drone  
  40  3:20  Zerg Missile Weapons Level 1  
  40  3:23  Drone  
  41  3:27  Drone  
  41  3:30  Drone  
  43  3:37  Drone  
  43  3:40  Drone  
  45  3:42  Drone x6  
  50  3:49  Queen  
  50  3:52  Extractor  
  50  3:53  Overlord, Drone  
  52  3:56  Drone  
  52  4:01  Drone x2  
  55  4:05  Drone  
  55  4:09  Lair  
  56  4:10  Extractor, Drone x2  
  56  4:11  Drone  
  56  4:16  Roach Warren  
  57  4:18  Drone x2  
  57  4:20  Drone  
  57  4:21  Drone  
  57  4:23  Drone  
  61  4:25  Drone  
  61  4:27  Drone  
  61  4:30  Drone  
  64  4:33  Overlord, Extractor  
  63  4:40  Overlord  
  63  4:41  Overlord  
  63  4:45  Overlord  
  63  4:56  Roach  
  63  4:57  Roach x4  
  75  5:00  Roach x5  
  75  5:03  Overlord  
  75  5:05  Glial Reconstitution  
  82  5:10  Overlord  
  82  5:12  Roach  
  84  5:16  Roach  
  84  5:17  Roach x2  
  84  5:20  Overlord  
  89  5:22  Roach  
  89  5:26  Roach  
  89  5:27  Roach x2  
  97  5:30  Roach  
  97  5:31  Roach  
  101  5:39  Roach x4  
  106  5:45  Roach x3  
  106  5:47  Overlord  
  106  5:49  Roach  
  113  5:51  Roach  
  113  5:55  Roach x2  
  119  5:57  Roach  
  119  6:03  Overlord  
  121  6:06  Ravager  
  121  6:09  Overlord  
  121  6:10  Roach x3  
  128  6:14  Roach  
  128  6:15  Overlord  
  130  6:22  Roach  
  130  6:23  Roach x3  
  130  6:25  Overlord  
  138  6:28  Roach  
  138  6:29  Roach  
  138  6:30  Ravager  
  138  6:32  Roach  
  129  6:50  Roach x5  
  123  6:54  Roach  
  123  6:58  Roach x4  
  119  7:05  Roach x4  
  115  7:09  Roach  
  115  7:12  Roach x3  
  117  7:19  Roach  
  117  7:20  Roach x2  
  115  7:23  Roach  
  115  7:28  Roach  
  115  7:29  Roach  
  119  7:30  Roach  
  121  7:42  Roach x5  
  121  7:43  Roach  
  133  7:45  Roach  
  133  7:48  Roach  
  133  7:49  Roach  
  139  7:53  Overlord, Unknown  
  139  7:54  Roach x2  
  139  7:56  Roach  
  145  7:59  Roach  
  145  8:01  Roach  
  145  8:05  Roach  
  151  8:06  Roach  
  151  8:08  Roach  
  138  8:22  Roach x6  
  138  8:24  Roach  
  126  8:29  Roach  
  126  8:32  Roach x2  
  116  8:38  Roach x3  
  113  8:45  Extractor, Drone x3  
  113  8:48  Roach x4  
  121  8:50  Roach  
  121  8:51  Overlord  
  121  8:53  Roach  
  125  9:01  Roach  
  125  9:02  Roach x2  
  131  9:04  Hatchery  
Show
View Real Time Build Order
Export as new Build Order

soO Zerg - Winner!

Build Orders: Hatch First 

Get SALT Encoding   

  12  0:00  Drone  
  13  0:12  Overlord  
  13  0:17  Drone  
  14  0:30  Drone x2  
  14  0:34  Drone  
  17  0:50  Hatchery  
  17  0:53  Drone  
  17  0:56  Drone  
  18  1:07  Extractor  
  18  1:11  Spawning Pool  
  16  1:14  Drone  
  16  1:18  Drone  
  18  1:28  Drone  
  19  1:38  Overlord  
  19  1:49  Drone  
  20  1:57  Queen  
  20  2:00  Zergling x2  
  23  2:02  Drone, Queen  
  26  2:11  Drone  
  26  2:13  Drone  
  28  2:23  Drone  
  28  2:24  Drone  
  30  2:35  Lair  
  30  2:38  Drone x2, Queen  
  34  2:46  Overlord  
  34  2:47  Drone  
  35  2:54  Drone  
  35  2:57  Evolution Chamber  
  35  3:01  Roach Warren  
  35  3:02  Drone  
  35  3:05  Drone  
  36  3:07  Drone x3  
  36  3:08  Drone  
  36  3:10  Drone  
  41  3:15  Drone x2  
  41  3:18  Overlord  
  43  3:20  Drone  
  44  3:27  Zerg Missile Weapons Level 1  
  44  3:28  Extractor  
  44  3:29  Extractor  
  41  3:34  Evolution Chamber  
  41  3:41  Glial Reconstitution, Roach x2  
  44  3:49  Overlord  
  44  3:52  Roach  
  44  3:53  Drone x4  
  44  3:54  Drone x2  
  52  4:05  Overseer  
  52  4:07  Drone  
  52  4:08  Drone  
  52  4:09  Roach  
  56  4:16  Roach  
  58  4:20  Overseer  
  58  4:27  Hatchery  
  58  4:30  Overlord  
  57  4:33  Roach  
  57  4:36  Overlord  
  59  4:49  Roach  
  59  4:50  Roach x3  
  67  4:57  Roach x4  
  67  4:58  Overlord x2  
  75  5:06  Overlord  
  75  5:07  Overlord  
  75  5:18  Roach x4  
  83  5:22  Zerg Missile Weapons Level 2  
  83  5:32  Drone x5  
  88  5:40  Drone  
  88  5:42  Drone x4  
  93  5:46  Drone  
  94  5:51  Drone x2  
  94  5:55  Roach  
  98  5:59  Hatchery  
  98  6:03  Roach x4  
  105  6:07  Zerg Ground Armor Level 1  
  105  6:10  Roach x2  
  109  6:14  Roach  
  109  6:17  Overlord  
  109  6:18  Overlord  
  111  6:19  Ravager x2  
  111  6:23  Overlord  
  111  6:24  Ravager  
  114  6:25  Overlord  
  114  6:28  Overlord, Extractor  
  113  6:33  Overlord  
  113  6:37  Roach x5  
  123  6:45  Roach x3  
  121  6:48  Roach  
  121  6:51  Roach  
  109  6:58  Roach x2  
  96  7:02  Roach  
  96  7:03  Drone x2, Queen  
  96  7:07  Roach x2  
  95  7:09  Roach  
  95  7:10  Drone  
  95  7:13  Roach  
  94  7:16  Roach  
  94  7:18  Roach  
  94  7:19  Roach  
  94  7:20  Queen  
  94  7:21  Roach  
  95  7:24  Roach  
  95  7:25  Queen  
  95  7:28  Roach x2  
  103  7:32  Roach  
  103  7:35  Roach  
  103  7:36  Roach  
  109  7:38  Roach  
  109  7:44  Roach x2  
  115  7:45  Drone x6  
  115  7:46  Extractor  
  115  7:49  Roach  
  115  7:50  Roach  
  124  7:57  Roach x3  
  130  8:02  Roach x2  
  134  8:09  Roach, Ravager  
  134  8:10  Overlord  
  137  8:13  Roach x2  
  137  8:17  Roach  
  133  8:20  Roach x3  
  133  8:24  Roach x2  
  133  8:25  Roach  
  130  8:30  Roach x3  
  134  8:37  Roach x3  
  138  8:45  Ravager  
  138  8:47  Roach x3  
  145  8:54  Roach x3  
  151  9:00  Roach  
  151  9:01  Roach x3  
  159  9:08  Hatchery  
Tags
 
Add a new tag
Caveats
  • Supply blocks, unpowered buildings, or Contaminate may cause inaccurate times.
  • Supply counts are checked every 10 seconds.